AoeStats
← 午睡了吗

Yucatan

503117738Analyzed
4v4 RM · 1mo ago on Aug 30, 2026· 52m 51s· 8 players
Game mode
Random Map
Map size
Large (8 player)
Population
200
Speed
Normal
Resources
Standard
Victory
Conquest
Starting age
Dark Age
Ending age
Imperial Age
RankedLock teamsTeams togetherTeam positionsShared explorationLock speedFull tech treeHidden civsTurbo modeCheats
Victory
Defeat
🇨🇳 Mongols · China
1049
+14
🇨🇳 Mongols · China
1012
+16
🇨🇳 Koreans · China
1012
+16
🇨🇳 Franks · China
992
+17
🇷🇺 Teutons · Russia
1061
-18
🇺🇦 Persians · Ukraine
1054
-18
🇦🇺 Khmer · Australia
975
-14
🇮🇳 Ethiopians · India
972
-14
yitxdiku
6:51 Loom
11:49 Feudal Age
13:40 Wheelbarrow
16:52 Castle Age
16:06 Double-Bit Axe
18:20 Bow Saw
19:17 Hand Cart
22:57 Gold Mining
23:11 Horse Collar
24:38 Heavy Plow
26:43 Stone Mining
28:02 Stone Shaft Mining
29:07 Gold Shaft Mining
32:16 Imperial Age
30:09 Fletching
30:31 Masonry
30:43 Ballistics
32:24 Murder Holes
32:51 Bodkin Arrow
32:57 Padded Archer Armor
34:10 Conscription
33:54 Nomads
35:25 Chemistry
34:27 Bracer
34:43 Leather Archer Armor
34:39 Forging
35:19 Elite Mangudai
36:10 Husbandry
36:20 Bloodlines
37:37 Iron Casting
37:08 Scale Barding Armor
38:10 Hoardings
38:35 Parthian Tactics
38:30 Elite Steppe Lancer
39:39 Light Cavalry
41:28 Siege Engineers
40:55 Capped Ram
41:58 Town Watch
43:20 Blast Furnace
43:03 Siege Ram
44:14 Drill
45:03 Chain Barding Armor
51:43 Heavy Camel Rider
卢本伟
0:44 Loom
不会玩的别玩
午睡了吗
2:15 Loom
11:15 Feudal Age
15:32 Castle Age
14:34 Double-Bit Axe
14:29 Horse Collar
16:24 Bow Saw
16:15 Heavy Plow
18:21 Wheelbarrow
17:31 Town Watch
18:19 Gold Mining
26:13 Scale Barding Armor
26:21 Nomads
27:28 Chain Barding Armor
27:12 Fletching
28:44 Ballistics
28:22 Bodkin Arrow
29:48 Hand Cart
30:03 Murder Holes
30:14 Stone Mining
31:45 Bloodlines
31:36 Husbandry
31:59 Heavy Plow
35:31 Imperial Age
35:35 Gold Shaft Mining
35:35 Thumb Ring
36:45 Conscription
36:52 Parthian Tactics
37:06 Elite Mangudai
38:07 Town Patrol
38:55 Stone Shaft Mining
39:17 Bracer
40:52 Chemistry
39:58 Siege Engineers
41:33 Drill
40:51 Elite Steppe Lancer
41:42 Forging
45:50 Light Cavalry
47:21 Iron Casting
49:28 Blast Furnace
madmonk08
0:27 Loom
15:24 Feudal Age
19:28 Wheelbarrow
18:39 Town Watch
18:48 Double-Bit Axe
18:45 Horse Collar
22:52 Castle Age
21:13 Gold Mining
22:46 Stone Mining
23:02 Padded Archer Armor
23:12 Forging
22:53 Fletching
23:06 Scale Mail Armor
22:56 Arson
25:37 Hand Cart
26:28 Bow Saw
30:52 Imperial Age
28:55 Leather Archer Armor
29:33 Crossbowman
31:55 Conscription
31:34 Bodkin Arrow
33:19 Heavy Plow
36:35 Two-Man Saw
35:08 Elite Skirmisher
37:44 Thumb Ring
38:23 Arbalester
42:02 Ring Archer Armor
43:22 Chemistry
42:43 Ballistics
42:34 Fortified Wall
44:47 Gold Shaft Mining
44:47 Stone Shaft Mining
44:18 Bracer
44:36 Chain Mail Armor
44:56 Iron Casting
45:05 Town Patrol
46:17 Royal Heirs
49:17 Halberdier
ATLANT
0:40 Loom
14:13 Feudal Age
Artem
0:49 Loom
[FnL^metalheadz]
13:59 Feudal Age
12:18 Loom
18:09 Castle Age
16:57 Horse Collar
18:23 Double-Bit Axe
22:02 Heavy Plow
26:25 Town Watch
27:43 Wheelbarrow
29:55 Bow Saw
32:36 Gold Mining
32:39 Stone Mining
39:30 Imperial Age
37:39 Tusk Swords
38:42 Forging
38:33 Scale Mail Armor
38:31 Murder Holes
38:56 Ballistics
38:49 Fortified Wall
38:50 Masonry
38:54 Scale Barding Armor
38:41 Fletching
38:27 Elite Skirmisher
39:20 Padded Archer Armor
40:42 Iron Casting
40:27 Chain Barding Armor
40:03 Bodkin Arrow
40:24 Leather Archer Armor
41:10 Parthian Tactics
41:43 Heavy Scorpion
41:45 Capped Ram
42:51 Conscription
43:22 Crop Rotation
44:03 Chemistry
43:07 Bracer
44:06 Double Crossbow
45:25 Siege Ram
46:52 Ring Archer Armor
48:55 Onager
49:11 Elite Battle Elephant
50:05 Bloodlines
49:56 Husbandry
52:33 Pikeman
Connection lost

Rejoining the realm…

Still unreachable

The connection could not be restored.

Session expired

The server has moved on; the page needs a fresh start.